 Dungeon Crawl Stone Soup version 0.16.1-11-g651b585 (webtiles) character file.

180 Trafet the Conjurer (level 5, -1/38 HPs)
             Began as a Demigod Wizard on Apr 5, 2015.
             Slain by a quokka (3 damage)
             ... on level 2 of the Dungeon.
             The game lasted 00:10:10 (3438 turns).

Trafet the Conjurer (Demigod Wizard)                Turns: 3438, Time: 00:10:10

Health: -1/38      AC:  3    Str: 10    XL:     5   Next: 11%
Magic:  12/12      EV: 12    Int: 24    God:
Gold:   116        SH:  0    Dex: 14    Spells: 3 memorised, 2 levels left

rFire  . . .     SeeInvis .     t - +0 halberd
rCold  . . .     Clarity  .     a - +0 robe
rNeg   . . .     SustAb   +     (no shield)
rPois  .         Gourm    .     b - +0 hat
rElec  .         Spirit   .     (no cloak)
rCorr  .         Warding  .     (no gloves)
rMut   .         Stasis   +     u - +0 pair of boots
MR     .....                    j - amulet of stasis
Stlth  ++........               (no ring)
                                (no ring)

@: not resistant to hostile enchantments, unstealthy
A: sustain abilities
a: no special abilities


You were on level 2 of the Dungeon.
You were not hungry.

You visited 1 branch of the dungeon, and saw 3 of its levels.

You collected 116 gold pieces.

Inventory:

Hand weapons
 i - a +0 dagger
 q - a +0 spear
 t - a +0 halberd (weapon)
Armour
 a - a +0 robe (worn)
 b - a +0 hat (worn)
 n - a +0 ring mail
 u - a +0 pair of boots (worn)
Jewellery
 j - an amulet of stasis (around neck)
 l - an uncursed amulet of guardian spirit
 s - an uncursed ring of sustain abilities {unknown}
 v - a +3 ring of dexterity {unknown}
Scrolls
 m - 4 scrolls of remove curse
 r - a scroll of fear
 w - 2 scrolls of identify
Potions
 e - a potion of invisibility
 f - a potion of heal wounds {unknown}
 h - a potion of curing
 k - 2 potions of haste
 p - a potion of might {unknown}
 x - a potion of poison {unknown}
Books
 c - a book of Minor Magic

   Spells                             Type                      Level
   a - Magic Dart                     Conjuration                  1
   b - Blink                          Translocation                2
   c - Call Imp                       Summoning                    2
   d - Repel Missiles                 Charms/Air                   2
   e - Slow                           Hexes                        2
   f - Conjure Flame                  Conjuration/Fire             3
   g - Mephitic Cloud                 Conjuration/Poison/Air       3
Comestibles
 d - 3 bread rations
 g - 2 meat rations
 o - a chunk of flesh


   Skills:
 - Level 1.7 Dodging
 - Level 1.7 Stealth
 - Level 2.6 Spellcasting
 + Level 4.8 Conjurations
   Level 0.8 Summonings
   Level 0.8 Translocations


You had 2 spell levels left.
You knew the following spells:

 Your Spells              Type           Power        Failure   Level  Hunger
a - Magic Dart            Conj           ####         1%          1    None
b - Mephitic Cloud        Conj/Pois/Air  ##......     21%         3    ###....
c - Conjure Flame         Conj/Fire      ##......     14%         3    ###....


Dungeon Overview and Level Annotations

Branches:
Dungeon (3/15)

Annotations:
D:3 FlamingWeapons' ghost, weakling SpGl


Innate Abilities, Weirdness & Mutations

Your attributes are resistant to harm.


Message History

You slash the orc!
You kill the orc!
The quokka closely misses you.
You barely miss the quokka. The quokka bites you. The quokka bites you.
* * * LOW HITPOINT WARNING * * *
You are too injured to fight recklessly!
You are too injured to fight recklessly!
You are too injured to fight recklessly!
You are too injured to fight recklessly!
You hit the quokka but do no damage. The quokka bites you.
* * * LOW HITPOINT WARNING * * *
You barely miss the quokka. The quokka bites you.
* * * LOW HITPOINT WARNING * * *
The quokka barely misses you.
You miss the quokka.
The quokka twitches its whiskers.
The quokka bites you.
* * * LOW HITPOINT WARNING * * *
The quokka bites you.
You die...

......###........................
......# #............<...........
......# #.........#..............
......# #..>......#........####..
......# #........##.........[.'..
......# #........##############..
......# ########.# #.. #######
#r# #.. #@# #.. #.# #.. #.# #.#
#.########## #.# #..........# #.#
##########.# #.# #.# #.# #.# #.#
#.#####.#


You could see a quokka.

Vanquished Creatures
  3 adders (D:2)
  8 gnolls (D:2)
  2 giant mites
  A worm (D:2)
  2 orcs (D:2)
  12 bats
  4 goblins
  5 hobgoblins
  5 kobolds
  3 ball pythons (D:1)
  6 giant newts
  3 jackals (D:1)
  15 rats
69 creatures vanquished.

Notes
Turn   | Place    | Note
--------------------------------------------------------------
     0 | D:1      | Trafet, the Demigod Wizard, began the quest for the Orb.
     0 | D:1      | Reached XP level 1. HP: 14/14 MP: 4/4
    34 | D:1      | Reached skill level 1 in Conjurations
   557 | D:1      | Reached XP level 2. HP: 20/20 MP: 0/6
  1306 | D:1      | Reached XP level 3. HP: 22/26 MP: 2/8
  1355 | D:1      | Learned a level 3 spell: Mephitic Cloud
  1359 | D:1      | Learned a level 3 spell: Conjure Flame
  1485 | D:2      | Reached skill level 3 in Conjurations
  1824 | D:2      | Found a glowing golden altar of the Shining One.
  1824 | D:2      | Found a deep blue altar of Sif Muna.
  1861 | D:2      | Found a radiant altar of Vehumet.
  1946 | D:2      | Reached XP level 4. HP: 33/33 MP: 2/11
  2179 | D:2      | Reached skill level 4 in Conjurations
  3018 | D:2      | Reached XP level 5. HP: 35/38 MP: 12/12
  3169 | D:3      | Noticed FlamingWeapons' ghost (weakling SpGl)
  3438 | D:2      | Slain by a quokka

Action                   |  1- 3 |  4- 6 || total
-------------------------+-------+-------++-------
Melee: Unarmed           |     5 |       ||     5
       Dagger            |    12 |       ||    12
       Halberd           |       |    86 ||    86
       Spear             |       |     3 ||     3
 Cast: Magic Dart        |   103 |    23 ||   126
       Mephitic Cloud    |       |     3 ||     3
  Use: Scroll            |     6 |     2 ||     8
 Stab: Distracted        |       |     2 ||     2
  Eat: Chunk             |     3 |     5 ||     8
